 Dungeon Crawl Stone Soup version 0.18-a0-1800-gdc7a371 (webtiles) character file.

17 M4edhros the Grave Robber (level 2, -1/17 HPs)
             Began as an Octopode Necromancer on Apr 24, 2016.
             Slain by a hobgoblin (2 damage)
             ... led by Robin
             ... on level 2 of the Dungeon.
             The game lasted 00:17:05 (220 turns).

M4edhros the Grave Robber (Octopode Necromancer)     Turns: 220, Time: 00:17:06

Health: -1/17      AC:  1    Str:  7    XL:     2   Next: 62%
Magic:  3/5        EV: 12    Int: 17    God:
Gold:   61         SH:  0    Dex: 12    Spells: 1 memorised, 4 levels left

rFire  . . .     SeeInvis .       - Unarmed
rCold  . . .     Gourm    .     (no shield)
rNeg   . . .     Faith    .     (helmet restricted)
rPois  .         Spirit   .     (no amulet)
rElec  .         Dismiss  .     (no ring)
rCorr  .         Reflect  .     (no ring)
SustAt .         Harm     .     (no ring)
MR     .....                    (no ring)
Stlth  +++.......               (no ring)
                                (no ring)
                                (no ring)
                                (no ring)

@: hasted, very quick, not resistant to hostile enchantments, fairly stealthy
A: almost no armour, amphibious, 8 rings, constrict 8, camouflage 1, gelatinous
body 1
a: no special abilities


You were on level 2 of the Dungeon.
You were not hungry.

You visited 1 branch of the dungeon, and saw 2 of its levels.

You collected 61 gold pieces.

Inventory:

Scrolls
 d - a scroll of identify {unknown}
Books
 a - a book of Necromancy

   Spells                             Type                      Level
   a - Pain                           Necromancy                   1
   b - Animate Skeleton               Necromancy                   1
   c - Vampiric Draining              Necromancy                   3
   d - Regeneration                   Charms/Necromancy            3
   e - Animate Dead                   Necromancy                   4
   f - Control Undead                 Necromancy                   4
Comestibles
 b - a bread ration


   Skills:
 - Level 2.0 Dodging
 - Level 2.6 Stealth
 + Level 2.2 Unarmed Combat
 - Level 2.0 Spellcasting
 - Level 4.0 Necromancy


You had 4 spell levels left.
You knew the following spells:

 Your Spells              Type           Power        Failure   Level  Hunger
a - Pain                  Necr           ###.         3%          1    #......


Dungeon Overview and Level Annotations

Branches:
Dungeon (2/15)

Altars:

Annotations:
D:2 Robin


Innate Abilities, Weirdness & Mutations

You cannot wear most types of armour.
You are amphibious.
You can wear up to eight rings at the same time.
You can use your tentacles to constrict eight enemies at once.
Your skin changes colour to match your surroundings (Stealth).
Your rubbery body absorbs attacks (AC +1).


Message History

Found 7 gold pieces.
You now have 61 gold pieces (gained 7).
There is a stone staircase leading down here.
You see here a giant cockroach corpse.
You climb downwards. 10 goblins, 2 hobgoblins and Robin come into view.
The goblin shouts! x2; The hobgoblin shouts! x2; The goblin shouts! x3
Robin shouts!
The goblin shouts! x3; You hear a shout!
The goblin hits you with a club.
* * * LOW HITPOINT WARNING * * *
The hobgoblin closely misses you. The goblin completely misses you.
The goblin barely misses you.
Found 5 gold pieces.
There is a stone staircase leading up here.
Drink which item? (? for menu, Esc to quit)
It was a potion of haste.
You feel yourself speed up. The goblin hits you with a club.
* * * LOW HITPOINT WARNING * * *
The hobgoblin hits you.
You die... # #.# ######## ..# #...... ####..gg.# .....gggg# # #.gg@g# . #.gggg#

.#
###.#.#
##.###
.. ..
.....
##. .##
.#.# .$
.# ...#
## .#
.### .#
.#


You could see Robin, 2 hobgoblins and 10 goblins.

Vanquished Creatures
  A dart slug (D:2)
  2 giant geckos
  A giant cockroach (D:1)
  2 goblins (D:1)
  A hobgoblin (D:1)
  A quokka (D:2)
  2 bats
  A kobold (D:1)
  A rat (D:1)
12 creatures vanquished.

Notes
Turn   | Place    | Note
--------------------------------------------------------------
     0 | D:1      | M4edhros the Octopode Necromancer began the quest for the Orb.
     0 | D:1      | Reached XP level 1. HP: 11/11 MP: 3/3
    19 | D:1      | You fall through a shaft!
    63 | D:2      | Reached skill level 1 in Unarmed Combat
    99 | D:2      | Reached XP level 2. HP: 6/17 MP: 3/5
   219 | D:2      | Noticed Robin
   220 | D:2      | Slain by a hobgoblin

Vault maps used:
D:1:      dpeg_arrival_lava_altar, serial_glass, glass_columns_c,
          glass_columns_a, feat_on_display
D:2:      lemuel_zombie_altar_kikubaaqudgha, bloody_trog, lemuel_old_faithful,
          uniq_terence, uniq_robin

Skill      XL: |  1  2 |
---------------+-------+-----
Unarmed Combat | 1 2 |  2.2
Dodging        | |  2.0
Stealth        | |  2.6
Spellcasting   | |  2.0
Necromancy     | |  4.0

Action                   || total
-------------------------++-------
Melee: Unarmed           ||     2
       Constrict         ||     2
       Tentacles         ||     1
 Cast: Pain              ||    17
  Use: Potion            ||     1
 Stab: Sleeping          ||     1
Dodge: Dodged            ||     5
